Cogmind - Beta 11 @@@ ROGUE MODE // 2022.04.01 @ 21:21:28 Player: Dizzar Result: Self-destructed Performance ------------- Evolutions (2) 1000 Regions Visited (7) 1400 Robots Destroyed (64) 320 Value Destroyed (2090) 2090 Prototype IDs (24) 480 Alien Tech Used (0) 0 Bonus (204) 204 TOTAL SCORE: 5494 Bonus ------- High Alert Combat Kills 38 Follower Combat Kills 193 Friendly Fire -27 Cogmind --------- Core Integrity 115/550 Matter 266/300 Energy 100/100 System Corruption 0% Temperature Cool (0) Movement Core (50) Location -8/Materials Parts ------- > --- POWER (1) -------- (None) > --- PROPULSION (4) --- (None) > --- UTILITY (4) ------ Improved Targeting Computer Hacking Suite > --- WEAPON (2) ------- Katana > --- INVENTORY (5) ---- Aluminum Leg Aluminum Leg Medium Matter Pod (100) Trap Reconfigurator Peak State ------------ > --- POWER ------------ Light Nuclear Core > --- PROPULSION ------- Carbon-fiber Leg Carbon-fiber Leg Carbon-fiber Leg Carbon-fiber Leg > --- UTILITY ---------- Small Storage Unit Improved Targeting Computer Improved Targeting Computer Hacking Suite > --- WEAPON ----------- Gauss Rifle Heavy Battle Rifle > --- INVENTORY -------- Medium Matter Pod Improved Trap Extractor Improved Trap Extractor Trap Reconfigurator Improved Light Cannon Katana [Rating: 33] Favorites ----------- Power Ion Engine Engine Ion Engine Power Core Light Nuclear Core Propulsion Wheel Treads Light Treads Leg Carbon-fiber Leg Wheel Wheel Utility Improved Targeting Computer Device Shield Generator Storage Small Storage Unit Processor Improved Targeting Computer Hackware Hacking Suite Protection Light Armor Plating Weapon Heavy Assault Rifle Energy Gun Medium Laser Ballistic Gun Heavy Assault Rifle Ballistic Cannon Improved Light Cannon Launcher Grenade Launcher Slashing Weapon Katana Build | -11 -10 -10 -9 -9 -9 -8 -8 ------- Run | Scr Mat Min Mat Min Exi Min Mat Slots Evolved 4 | . . . 2 . . . 2 Power . | . . . . . . . . Propulsion 2 | . . . 1 . . . 1 Utility 2 | . . . 1 . . . 1 Weapon . | . . . . . . . . Parts Attached 57 | . 1 1 20 6 . 4 25 Power 7 | . . . 3 2 . . 2 Engine 5 | . . . 3 1 . . 1 Core 2 | . . . . 1 . . 1 Reactor . | . . . . . . . . Propulsion 20 | . . 1 6 1 . 3 9 Treads 7 | . . . 3 . . 3 1 Leg 9 | . . 1 . . . . 8 Wheel 4 | . . . 3 1 . . . Hover . | . . . . . . . . Flight . | . . . . . . . . Utility 7 | . 1 . 3 . . . 3 Device 1 | . . . 1 . . . . Storage . | . . . . . . . . Processor 3 | . 1 . 1 . . . 1 Hackware 2 | . . . 1 . . . 1 Protection 1 | . . . . . . . 1 Artifact . | . . . . . . . . Weapon 23 | . . . 8 3 . 1 11 Energy Gun 1 | . . . 1 . . . . Energy Cannon . | . . . . . . . . Ballistic Gun 14 | . . . 7 3 . 1 3 Ballistic Cannon 4 | . . . . . . . 4 Launcher 1 | . . . . . . . 1 Special Weapon . | . . . . . . . . Impact Weapon . | . . . . . . . . Slashing Weapon 3 | . . . . . . . 3 Piercing Weapon . | . . . . . . . . Special Melee Weapon . | . . . . . . . . Unidentified Prototypes 1 | . . . 1 . . . . Parts Lost 26 | . . . 6 2 . 1 17 Power 2 | . . . 1 . . . 1 Propulsion 12 | . . . 3 1 . 1 7 Utility 5 | . . . 1 . . . 4 Weapon 7 | . . . 1 1 . . 5 Highest Loss Streak 8 | . . . 3 1 . 1 8 To Critical Strikes . | . . . . . . . . Average Slot Usage (%) 95 | . 89 100 90 96 100 98 91 Engine 8 | . 14 14 9 9 11 11 2 Core 1 | . . . . 1 . . 5 Treads 8 | . . . 16 11 11 14 . Leg 12 | . 28 28 . . . . 32 Wheel 10 | . . . 9 18 22 16 . Storage 10 | . 14 14 11 11 11 11 8 Processor 13 | . 4 14 18 11 11 11 16 Hackware 5 | . . . . 11 11 11 4 Protection 1 | . . . . . . . 4 Energy Gun 2 | . 14 14 4 . . . . Ballistic Gun 17 | . 14 14 17 22 22 22 12 Naked Turns . | . . . . . . . . Heaviest Build 20 | 11 11 11 20 18 17 18 20 Greatest Support 60 | 20 20 20 40 20 20 22 60 Greatest Overweight (x) 3 | . . . 3 1 . 1 1 Average Overweight (x) . | . . . . . . . . Largest Inventory Capacity 8 | . 8 8 8 8 8 8 8 Average Capacity 7 | . 8 8 8 8 8 8 7 Most Carried 8 | . 8 8 8 8 8 8 8 Average Carried 7 | . 6 8 7 7 7 8 7 Final Capacity 8 | 8 8 8 8 8 8 8 5 Final Carried 8 | 6 8 8 7 7 8 8 4 Class Distribution -------------------- 58% | Scavenger-Mutant 41% | Mutant Dominant Class ---------------- Mutant | -10/Materials Mutant | -10/Mines Mutant | -9/Materials Scavenger-Mutant | -9/Mines Scavenger-Mutant | -9/Exiles Mutant | -8/Mines Scavenger-Mutant | -8/Materials Resources | -11 -10 -10 -9 -9 -9 -8 -8 ----------- Run | Scr Mat Min Mat Min Exi Min Mat Matter Collected 1764 | 131 . 113 497 262 . 149 612 Remotely . | . . . . . . . . Salvage Created 2291 | . . 123 839 381 . 119 829 Parts 133 | . . 9 66 16 . 6 36 Haulers Intercepted 1 | . . . 1 . . . . Recyclers Shooed . | . . . . . . . . Parts Field Recycled . | . . . . . . . . Retrieved Matter . | . . . . . . . . Parts Self-Destructed . | . . . . . . . . Prevented . | . . . . . . . . Kills | -11 -10 -10 -9 -9 -9 -8 -8 ------- Run | Scr Mat Min Mat Min Exi Min Mat Combat Hostiles Destroyed 58 | . . 5 21 10 . 3 19 Guns 52 | . . 5 21 10 . 3 13 Cannons 4 | . . . . . . . 4 AOE 2 | . . . . . . . 2 Classes Destroyed 10 | . . 2 6 1 . . 1 Worker 2 | . . . 2 . . . . Hauler 1 | . . . 1 . . . . Recycler 1 | . . . . . . . 1 Operator 1 | . . . 1 . . . . Watcher 1 | . . . 1 . . . . Swarmer 15 | . . 3 9 3 . . . Grunt 30 | . . 2 6 5 . 2 15 Brawler 2 | . . . . 1 . . 1 Duelist 4 | . . . 1 1 . 1 1 Sentry 7 | . . . 5 . . . 2 Best Kill Streak 7 | . . 3 7 3 . 3 6 Combat Bots Only 7 | . . 3 7 3 . 3 5 Max Kills in Single Turn 2 | . . 1 2 1 . 1 1 Gunslinging 1 | . . . 1 . . . . Exploded 1 | . . . . . . . 1 Melee . | . . . . . . . . Uniques/NPCs Destroyed . | . . . . . . . . Combat | -11 -10 -10 -9 -9 -9 -8 -8 -------- Run | Scr Mat Min Mat Min Exi Min Mat Damage Taken 3968 | . . 77 985 566 . 224 2116 Core 838 | . . 24 168 195 . 16 435 Absorbed by Shields 66 | . . . 66 . . . . Core Remaining (%) 65 | 100 . 90 . . . 5 . Volleys Fired 177 | . . 6 53 39 . 10 69 Largest 2 | . . 2 2 2 . 2 2 Hottest 79 | . . 70 79 46 . 61 63 Shots Fired 351 | . . 12 106 78 . 20 135 Gun 321 | . . 12 106 78 . 20 105 Cannon 27 | . . . . . . . 27 Launcher 3 | . . . . . . . 3 Special . | . . . . . . . . Kinetic 326 | . . 6 90 78 . 20 132 Thermal 22 | . . 6 16 . . . . Explosive 3 | . . . . . . . 3 Electromagnetic . | . . . . . . . . Robot Hit Streak 28 | . . 8 22 16 . 4 28 Robot Miss Streak 3 | . . 1 3 2 . 2 2 Penetration Max 1 | . . . . . . . 1 Secondary Targets 9 | . . . 5 2 . 1 1 Max Gunslinging Chain 1 | . . . 1 1 . 1 1 Shots Hit Robots 270 | . . 9 82 53 . 14 112 Core Hits 119 | . . 8 39 20 . 6 46 Critical Kills 1 | . . . . . . . 1 Critical Parts Destroyed 3 | . . . . 1 . . 2 Critical Strikes 8 | . . 2 2 1 . . 3 Burn 4 | . . 2 2 . . . . Destroy 4 | . . . . 1 . . 3 Melee Attacks 11 | . . . . . . . 11 Impact . | . . . . . . . . Slashing 11 | . . . . . . . 11 Piercing . | . . . . . . . . Sneak Attacks . | . . . . . . . . Combat Hostiles . | . . . . . . . . Follow-up Attacks . | . . . . . . . . Damage Inflicted 5120 | . . 91 1435 845 . 299 2450 Guns 4067 | . . 91 1256 845 . 299 1576 Cannons 493 | . . . . . . . 493 Explosions 523 | . . . 173 . . . 350 Melee 31 | . . . . . . . 31 Ramming 6 | . . . 6 . . . . Kinetic 4316 | . . 40 1063 845 . 299 2069 Thermal 417 | . . 51 366 . . . . Explosive 350 | . . . . . . . 350 Electromagnetic . | . . . . . . . . Impact . | . . . . . . . . Slashing 31 | . . . . . . . 31 Piercing . | . . . . . . . . Highest Corruption . | . . . . . . . . Average Corruption . | . . . . . . . . Corruption Purged . | . . . . . . . . Corruption Blocked . | . . . . . . . . Overload Shots . | . . . . . . . . Overflow Damage 35 | . . . 35 . . . . Projectiles . | . . . . . . . . Explosions 35 | . . . 35 . . . . Melee . | . . . . . . . . Knockbacks 8 | . . . . . . . 8 Impact . | . . . . . . . . Kinetic 8 | . . . . . . . 8 Secondary . | . . . . . . . . Self-Inflicted Damage 88 | . . . 52 . . . 36 Shots 2 | . . . 1 . . . 1 Rammed 1 | . . . 1 . . . . Targets Rammed 1 | . . . 1 . . . . Kicked . | . . . . . . . . Crushed . | . . . . . . . . Highest Temperature 110 | . . 71 110 8 . 36 54 Average Temperature 24 | . . 37 42 2 . 21 15 Received Heat Transfer 1400 | . . 21 266 177 . 117 819 Siege Activations . | . . . . . . . . Robots Corrupted . | . . . . . . . . Combat Hostiles . | . . . . . . . . Parts Fried . | . . . . . . . . Impact Corruptions . | . . . . . . . . Robots Melted . | . . . . . . . . Combat Hostiles . | . . . . . . . . Parts Melted 1 | . . . 1 . . . . Heat Transferred 1112 | . . 296 816 . . . . Parts Sabotaged . | . . . . . . . . Parts Stolen . | . . . . . . . . Parts Stripped . | . . . . . . . . Power Chain Reactions . | . . . . . . . . Missiles Intercepted . | . . . . . . . . Alert | -11 -10 -10 -9 -9 -9 -8 -8 ------- Run | Scr Mat Min Mat Min Exi Min Mat Peak Influence 524 | . 30 131 524 372 . 74 363 Initial 117 | . . 11 50 117 . . 28 Average 179 | . 9 106 261 238 . 47 172 Maximum Alert Level 2 | . . . 2 1 . . 1 Low Security (%) 58 | . 100 100 39 17 . 100 69 Level 1 38 | . . . 48 82 . . 30 Level 2 2 | . . . 12 . . . . Level 3 . | . . . . . . . . Level 4 . | . . . . . . . . Level 5 . | . . . . . . . . High Security . | . . . . . . . . Max Security . | . . . . . . . . Squads Dispatched 7 | . 1 . 1 1 . . 4 Investigation 1 | . . . . . . . 1 Extermination . | . . . . . . . . Reinforcement 5 | . 1 . 1 . . . 3 Assault 1 | . . . . 1 . . . Garrison . | . . . . . . . . Intercept . | . . . . . . . . Searches Triggered . | . . . . . . . . Construction Impeded . | . . . . . . . . Haulers Reinforced . | . . . . . . . . Active Scanning Responses . | . . . . . . . . Cargo Convoy Interrupts . | . . . . . . . . Stealth | -11 -10 -10 -9 -9 -9 -8 -8 --------- Run | Scr Mat Min Mat Min Exi Min Mat Distress Signals 4 | . . . 2 . . . 2 Communications Jammed . | . . . . . . . . Distress Signals . | . . . . . . . . Times Spotted 97 | . 2 5 33 21 . 4 32 Peak Tracking Total 8 | . 2 3 5 6 . 3 8 Tactical Retreats 3 | . . . 1 . . . 2 Traps | -11 -10 -10 -9 -9 -9 -8 -8 ------- Run | Scr Mat Min Mat Min Exi Min Mat Traps Triggered . | . . . . . . . . Indirectly . | . . . . . . . . Trap Hack Attempts . | . . . . . . . . Triggered . | . . . . . . . . Disarmed . | . . . . . . . . Reprogrammed . | . . . . . . . . Reused . | . . . . . . . . Traps Extracted . | . . . . . . . . Installed . | . . . . . . . . Triggered . | . . . . . . . . Machines | -11 -10 -10 -9 -9 -9 -8 -8 ---------- Run | Scr Mat Min Mat Min Exi Min Mat Machines Disabled 4 | . . . 4 . . . . Max in Single Turn 4 | . . . 4 . . . . Machines Sabotaged . | . . . . . . . . Garrisons Compromised . | . . . . . . . . Overloaded Fab Kills . | . . . . . . . . Hacking | -11 -10 -10 -9 -9 -9 -8 -8 --------- Run | Scr Mat Min Mat Min Exi Min Mat Machines Accessed 12 | . . . 6 . 2 . 4 Terminals 9 | . . . 6 . . . 3 Fabricators . | . . . . . . . . Repair Stations . | . . . . . . . . Recycling Units 1 | . . . . . . . 1 Scanalyzers . | . . . . . . . . Garrison Access . | . . . . . . . . Total Hacks 32 | . . . 21 . 3 . 8 Successful 15 | . . . 9 . 3 . 3 Failed 17 | . . . 12 . . . 5 Catastrophic 2 | . . . 2 . . . . Database Lockouts . | . . . . . . . . Manual 25 | . . . 19 . 1 . 5 Terminals 28 | . . . 21 . . . 7 Fabricators . | . . . . . . . . Repair Stations . | . . . . . . . . Recycling Units 1 | . . . . . . . 1 Scanalyzers . | . . . . . . . . Garrison Access . | . . . . . . . . Terminal Hacks 8 | . . . 5 . 3 . . Record 2 | . . . . . 2 . . Branch Access Points 1 | . . . 1 . . . . Unreport Threat 2 | . . . 2 . . . . Locate Traps 1 | . . . 1 . . . . Zone Layout 1 | . . . 1 . . . . EX-Prototype ID Bank 1 | . . . . . 1 . . Fabricator Hacks . | . . . . . . . . Repair Station Hacks . | . . . . . . . . Recycling Unit Hacks . | . . . . . . . . Scanalyzer . | . . . . . . . . Garrison Access Hacks . | . . . . . . . . Unauthorized Hacks 7 | . . . 4 . . . 3 Terminals 6 | . . . 4 . . . 2 Botnet 6 | . . . 4 . . . 2 Fabricators . | . . . . . . . . Repair Stations . | . . . . . . . . Recycling Units 1 | . . . . . . . 1 Reject 1 | . . . . . . . 1 Scanalyzers . | . . . . . . . . Garrison Access . | . . . . . . . . Data Cores Recovered 1 | . . . 1 . . . . Used 1 | . . . 1 . . . . Hacking Detections 9 | . . . 6 . . . 3 Full Trace Events 2 | . . . 1 . . . 1 Feedback Events . | . . . . . . . . Feedback Blocked . | . . . . . . . . Robot Schematics Acquired . | . . . . . . . . Robots Built . | . . . . . . . . Authchips . | . . . . . . . . Time . | . . . . . . . . Total Robot Build Rating . | . . . . . . . . Part Schematics Acquired . | . . . . . . . . Parts Built . | . . . . . . . . Authchips . | . . . . . . . . Time . | . . . . . . . . Total Part Build Rating . | . . . . . . . . Parts Repaired . | . . . . . . . . Time . | . . . . . . . . Parts Recycled . | . . . . . . . . Recycled Matter . | . . . . . . . . Retrieved Matter . | . . . . . . . . Retrieved Components . | . . . . . . . . Parts Scanalyzed . | . . . . . . . . Part Schematics Acquired . | . . . . . . . . Parts Damaged . | . . . . . . . . Bothacking | -11 -10 -10 -9 -9 -9 -8 -8 ------------ Run | Scr Mat Min Mat Min Exi Min Mat Used RIF Installer . | . . . . . . . . Robots Hacked . | . . . . . . . . Non-combat . | . . . . . . . . Combat . | . . . . . . . . Robot Hacks Applied . | . . . . . . . . Relay Couplers Released . | . . . . . . . . Fabnet Peak Effective % . | . . . . . . . . Robots Rewired 3 | . . . . . 3 . . Allies Hacked . | . . . . . . . . Hacks Repelled . | . . . . . . . . Allies | -11 -10 -10 -9 -9 -9 -8 -8 -------- Run | Scr Mat Min Mat Min Exi Min Mat Total Allies 7 | . . . . 4 3 . . Largest Group 3 | . . . . 3 3 3 . Highest-Rated Group 63 | . . . . 63 50 50 . Highest-Rated Ally 31 | . . . . 31 21 21 . Total Orders . | . . . . . . . . Ally Attacks 39 | . . . . 29 . 10 . Total Damage 554 | . . . . 410 . 144 . Kills 8 | . . . . 7 . 1 . Allies Corrupted 1 | . . . . 1 . . . Allies Melted . | . . . . . . . . Intel | -11 -10 -10 -9 -9 -9 -8 -8 ------- Run | Scr Mat Min Mat Min Exi Min Mat Robot Analysis Total . | . . . . . . . . Derelict Logs Recovered 3 | . . 2 . 1 . . . Drone Launches . | . . . . . . . . Drone Recoveries . | . . . . . . . . Exploration | -11 -10 -10 -9 -9 -9 -8 -8 ------------- Run | Scr Mat Min Mat Min Exi Min Mat Turns Passed 3358 | . 75 344 577 726 399 346 891 Spaces Moved 2247 | 1 60 269 331 488 444 244 410 Core 3 | . . . 3 . . . . Treads 256 | . . . 58 181 . 17 . Legs 743 | 1 60 269 16 . . . 397 Wheels 1245 | . . . 254 307 444 227 13 Hover . | . . . . . . . . Flight . | . . . . . . . . Fastest Speed 80 | 120 120 120 80 80 80 80 95 Average Speed 105 | 120 120 120 104 114 80 91 120 Slowest Speed 200 | 120 120 120 200 160 80 170 190 Overloaded Moves . | . . . . . . . . Propulsion Burnouts . | . . . . . . . . Robots Hopped . | . . . . . . . . Cave-ins Triggered . | . . . . . . . . Exploration Rate (%) 49 | 1 22 57 36 95 91 64 31 Regions Visited 7 Branch Regions 4 Pre-discovered Areas 3 | . . 2 . . 1 . . Known Exits Taken 2 | . . . 1 . . 1 . Unknown Exits Taken 5 | 1 1 1 . 1 1 . . Scrap Searched 3 | . . . . 1 . 2 . Spaces Dug 5 | . . . . . . . 5 Terrain Destroyed 39 | . . . 24 . . 1 14 Melee 5 | . . . . . . . 5 Projectile 4 | . . . . . . 1 3 AOE 30 | . . . 24 . . . 6 Terrain Rammed . | . . . . . . . . Walls Destroyed . | . . . . . . . . Machines Disabled . | . . . . . . . . Actions | -11 -10 -10 -9 -9 -9 -8 -8 --------- Run | Scr Mat Min Mat Min Exi Min Mat Total 2860 | . 62 280 457 575 487 347 652 Wait 328 | . . 4 38 37 39 87 123 Move 2240 | . 59 268 330 487 443 243 410 Hop . | . . . . . . . . Pick Up 13 | . 2 . 4 2 1 . 4 Fast Attach 23 | . 1 . 7 3 . 1 11 Attach 11 | . . . 3 2 . . 6 Detach 1 | . . . . . . . 1 Swap 23 | . . 1 10 1 . 3 8 Drop 28 | . . 1 11 4 . 3 9 Fire 177 | . . 6 53 39 . 10 69 Melee 11 | . . . . . . . 11 Ram 1 | . . . 1 . . . . Kick . | . . . . . . . . Crush . | . . . . . . . . Escape Stasis . | . . . . . . . . Rewire 4 | . . . . . 4 . . Trap . | . . . . . . . . Miscellaneous . | . . . . . . . . Route ------- -11/Scrapyard -10/Materials -10/Mines -9/Materials (discovered 3 exits: *Mat / *Min / *Sto) -9/Mines (discovered 4 exits: *Mat x2 / *Exi / [*Zio]) -9/Exiles -8/Mines -8/Materials History --------- Turn | Location | Event 1 | -11/Scrapyard | Discovered new exit (range 0) 1 | -11/Scrapyard | Entered Materials 44 | -10/Materials | Discovered new exit (range 11) 76 | -10/Materials | Entered Mines 136 | -10/Mines | Learned location of 1 exit from Materials 154 | -10/Mines | Learned location of Storage (-9) 312 | -10/Mines | Build established: Mutant 405 | -10/Mines | Discovered new exit (range 8) 406 | -10/Mines | Learned location of Zion (-7) 420 | -10/Mines | Entered Materials 420 | -9/Materials | Evolved 2 slots: Propulsion x1, Utility x1 421 | -9/Materials | Identified exit to Materials 465 | -9/Materials | Identified exit to Mines 465 | -9/Materials | Identified exit to Storage 789 | -9/Materials | Lost 3 parts (1p2n) 836 | -9/Materials | Destroyed 7 combat bots 997 | -9/Materials | Entered Mines 999 | -9/Mines | Assisted by bots powering up and referring to "LRC-V3" 1041 | -9/Mines | Core integrity fell below 50% 1099 | -9/Mines | Build established: Scavenger-Mutant 1243 | -9/Mines | Discovered exit to Materials (range 14) 1258 | -9/Mines | Met a Derelict testing a Signal Generator 1374 | -9/Mines | Core integrity fell below 20% 1435 | -9/Mines | Learned Materials stockpile data 1491 | -9/Mines | Discovered exit to Materials (range 6) 1514 | -9/Mines | A Derelict revealed a hidden shortcut to a safe place 1639 | -9/Mines | A weapon hastily lodged in a ceiling crevice suddenly fell to the ground 1720 | -9/Mines | Deemed a non-threat by the Exiles lab entrance 1720 | -9/Mines | Discovered new exit (range 5) 1723 | -9/Mines | Entered Exiles 1723 | -9/Exiles | Found Exiles lab destroyed 1869 | -9/Exiles | Opened EX-Vault 1876 | -9/Exiles | Found Trap Reconfigurator 2072 | -9/Exiles | Discovered new exit (range 14) 2122 | -9/Exiles | Entered Mines 2122 | -8/Mines | Accompanied by 3 allies 2459 | -8/Mines | Discovered exit to Materials (range 11) 2468 | -8/Mines | Entered Materials 2468 | -8/Materials | Evolved 2 slots: Propulsion x1, Utility x1 2586 | -8/Materials | Build established: Mutant 2808 | -8/Materials | Lost 4 parts (2n1u1w) 3089 | -8/Materials | Build established: Scavenger-Mutant 3231 | -8/Materials | Lost 3 parts (1p1n1u) 3353 | -8/Materials | Core integrity fell below 50% 3359 | -8/Materials | Self-destructed Last Messages --------------- area. 03326_ U-05 Engineer builds a Wall. 03328_ Sml. Storage Unit destroyed. 03331_ U-05 Engineer builds a Wall. 03332_ Penetrated by Slug. 03332_ Aluminum Leg destroyed. 03333_ Carbon-fiber Leg destroyed. 03336_ U-05 Engineer builds a Wall. 03338_ Imp. Light Cannon destroyed. 03338_ Imp. Targeting Computer destroyed. 03338_ Critical hit (Blast). 03339_ Acquired 1 matter. 03340_ Hvy. Assault Rifle destroyed. 03340_ Knocked back. 03347_ Hammer tumbles out of recycling unit. 03348_ K-01 Serf collects debris. 03352_ Lgt. Treads destroyed. 03353_ K-01 Serf collects debris. 03356_ Titanium Leg destroyed. 03356_ Critical hit (Burn: +37). Map ----- +----------------------------------------------------+ | ?????????????????????????????????????????????????? | | ?????????????????????????????????????????????????? | | ?????????????????????????????????????????????????? | | ?????????????????????????????????????????????????? | | ?????????????????????????????????????????????????? | | ?????????????????????????????????????????????????? | | ?????????????????????????????????????????????????? | | ?????????????????????????????????????????????????? | | ?????????????????????????????????????????????????? | | ?????????????????????????????????????????????????? | | ?????????????????????????????????????????????????? | | ?????????????????????????????????????????????????? | | ?????????????????????????????????????????????????? | | ?????????????????????????????????????????????????? | | ?????????????????????????????????????????????????? | | ?????????????????????????????????????????????????? | | ?????????????????????????????????????????????????? | | ?????????????????????????????????????????????????? | | ?????????????????????????????????????????????????? | | ????????????????????#########????????????????????? | | ????????????????????# [ ?????????????????????? | | ????????????????????# #?????????????????????? | | ????????????????????# "" #######???????????????? | | ????????????????????#!g Y" ##!!!!##??????????????? | | ????????????????????#!gxH/%#! !#??????????????? | | ????????????????????# kx@!#! !#?????#######??? | | ????????????????????###/#### ####### #??? | | ?????????????????? % #??? | | ????????????????? #??? | | ??????????????? % %% = % #??? | | ??????????????# #################+### #??? | | ??????????????###+##?????????????# [%! ## ##### | | ??????????????? ????????????????# """ ## # T | | ?????????????? ?????????????????# """ ## # | | ?????????????# ??????????????????# """ ## / | | ?????????????#???????????????????# ## # " | | ?????????????????????????????????# ## #/ " | | ?????????????????????????????????######### #? " | | ?????????????????????????????????######### %#? | | ?????????????????????????????????# """"" # #??## | | ?????????????????????????????????# ""T"" # %##### | | ?????????????????????????????????# + % | | ?????????????????????????????????# # | | ?????????????????????????????????# # !! | | ?????????????????????????????????######### !! | | ?????????????????????????????????????????#"" !!%! | | ?????????????????????????????????????????#"" | | ?????????????????????????????????????????#"T = | | ?????????????????????????????????????????#"" | | ?????????????????????????????????????????#""% | +----------------------------------------------------+ Best States ------------- Heat Dissipation 31 Energy Generation 14 Energy Capacity 265 Matter Stores 300 Matter Capacity 300 Sight Range 16 Terrain Scan Density 10 Armor Coverage 150 Evasion (%) 55 Targeting Accuracy 12 Recoil Reduction 2 Offensive Hacking 10 Item Schematics ----------------- None Robot Schematics ------------------ None Fabricated ------------ Nothing Alien Tech Used ----------------- None Achievements -------------- None Challenges ------------ None Game ------ Seed ClaymoresCoolantDrive Manual? 0 Play Time 00:30:31 Cumulative 35.2 hours Start 2022.04.01 @ 20:54:05 End 2022.04.01 @ 21:21:28 Sessions 1 Manual Loads 0 Difficulty Rogue Special Mode None Game No. 46 Rogue 46 Adventurer 0 Explorer 0 Win Type - Total 2 Types 2/0/0/0/0/0/0/0/0 Lore% 33 Gallery% 37 Achievement% 35 Wizard Run 0 Options --------- ASCII 0 Keyboard 0 Movement Mouse Keybinds 0 Fullscreen 1 Font 18/SmallcapsGlow Map View 76x50 Tactical HUD 1 Map Filters NONE Filters NONE Steam 1 RUN: b611129b-ece3-407f-a4da-d5754f8b71dd